 Dungeon Crawl Stone Soup version 0.18.1-8-gdd0e5ea (webtiles) character file.

4663 raycruz321 the Spear-Bearer (level 10, 0/80 HPs)
             Began as a Minotaur Fighter on June 9, 2016.
             Succumbed to a killer bee's poison
             ... on level 8 of the Dungeon.
             The game lasted 00:28:14 (8742 turns).

raycruz321 the Spear-Bearer (Minotaur Fighter)      Turns: 8742, Time: 00:28:14

Health: 0/80       AC: 14    Str: 24    XL:     10   Next: 20%
Magic:  9/9        EV: 16    Int:  5    God:
Gold:   235        SH: 12    Dex: 15    Spells: 0 memorised, 9 levels left

rFire  . . .     SeeInvis .     a - +1 trident
rCold  . . .     Gourm    .     k - +0 plate armour
rNeg   . . .     Faith    +     c - +1 shield
rPois  .         Spirit   .     (helmet restricted)
rElec  .         Dismiss  .     (no cloak)
rCorr  .         Reflect  .     (no gloves)
SustAt .         Harm     .     n - +0 pair of boots
MR     +....                    r - amulet of faith
Stlth  ..........               w - ring of protection from magic
                                o - +4 ring of evasion

@: agile, lethally poisoned (0 -> -22), somewhat resistant to hostile
enchantments, extremely unstealthy
A: retaliatory headbutt, horns 2
a: no special abilities


You were on level 8 of the Dungeon.
You were hungry.

You visited 2 branches of the dungeon, and saw 9 of its levels.

You collected 235 gold pieces.

Inventory:

Hand Weapons
 a - a +1 trident (weapon)
 h - a +0 halberd
 z - a +0 trident
Armour
 b - a +0 scale mail
 c - a +1 shield (worn)
 e - a +0 ring mail
 k - a +0 plate armour (worn)
 n - a +0 pair of boots (worn)
Jewellery
 i - an uncursed ring of loudness {iiiiii}
 o - a +4 ring of evasion (left hand)
 r - an amulet of faith (around neck)
 w - a ring of protection from magic (right hand)
Wands
 f - a wand of random effects (12/48)
 m - a wand of paralysis (11/24)
 B - a wand of iceblast (8/15)
Scrolls
 g - 7 scrolls of identify
 p - a scroll of remove curse
 v - a scroll of enchant weapon
 x - a scroll of fog
 y - 2 scrolls of magic mapping
 D - a scroll of teleportation
Potions
 d - a potion of lignification
 s - a potion of agility
 t - 4 potions of curing
 u - a potion of degeneration {unknown}
Books
 q - a book of Unlife

   Spells                             Type                      Level
   a - Recall                         Summoning/Translocation      3
   b - Animate Dead                   Necromancy                   4
   c - Control Undead                 Necromancy                   4
   d - Cigotuvi's Embrace             Necromancy                   5
   e - Death Channel                  Necromancy                   6
   f - Simulacrum                     Ice/Necromancy               6
Comestibles
 j - 7 fruits
 l - a beef jerky
 A - 2 bread rations
 C - a meat ration


   Skills:
 - Level 4.8 Fighting
 - Level 14.0 Polearms
 + Level 7.5 Armour
 - Level 3.1 Dodging
 + Level 7.5 Shields


You had 9 spell levels left.
You didn't know any spells.

Dungeon Overview and Level Annotations

Branches:
Dungeon (8/15)             Temple (1/1) D:5
   Lair: D:8-11

Altars:
Ashenzari
Cheibriados
Dithmenos
Fedhas
Gozag
Kikubaaqudgha
Makhleb
Nemelex Xobeh
Okawaru
Pakellas
Qazlal
Ru
Sif Muna
Trog
Vehumet
Xom
Yredelemnul
Zin
The Shining One

Shops:
D:7 :

Annotations:
D:8 Maurice


Innate Abilities, Weirdness & Mutations

You reflexively headbutt those who attack you in melee.
You have a pair of horns on your head.


Message History

The orc misses you. You furiously retaliate!
You headbutt the orc!
You kill the orc!
The killer bee stings you but does no damage.
The killer bee misses you. You block the killer bee's attack.
The queen bee calls on the killer bee to defend it!
The killer bee goes berserk!
You block the orc's attack. The killer bee barely misses you.
You hit the orc. You headbutt the orc.
You kill the orc!
* * * LOW HITPOINT WARNING * * *
You feel sick. The killer bee misses you. You block the killer bee's attack. x2
The killer bee completely misses you. The killer bee misses you.
The killer bee stings you.
* * * LOW HITPOINT WARNING * * *
The killer bee misses you. You furiously retaliate!
You headbutt the killer bee. The killer bee misses you.
You hear a shout!
You miss the killer bee. Your headbutt misses the killer bee.
The killer bee is severely wounded.
You die...

... #.....#.#
.....<#.# ##
..$....# .## .
###.....###..##..
##..^....yy......#
##........yyy§...#
#.....(..yy@y....#
#..[.....§§y§......
#............§.....
#...............$.#
#.................#
#............>...$$
##..............#._
#......##......#$$
##.###.######..##


You could see a queen bee and 8 killer bees.

Vanquished Creatures
  The ghost of sikrin the Conjurer, a novice HECj of Vehumet (D:5)
  A two-headed ogre (D:8)
  Prince Ribbit (D:6)
  Grinder (D:6)
  Eustachio (D:4)
  Menkaure (D:7)
  The ghost of Anonygoose the Covert, an amateur SpAs of Dithmenos (D:4)
  3 orc warriors
  A black bear (D:8)
  A wasp (D:8)
  3 centaurs
  4 phantoms
  The ghost of Goldrinn the Ducker, an amateur DsGl (D:3)
  3 ogres
  Blork the orc (D:6)
  2 giant frogs (D:6)
  5 scorpions
  5 wights (D:7)
  3 killer bees (D:8)
  A howler monkey (D:4)
  A giant frog zombie (D:7)
  7 crimson imps
  8 hounds
  2 orc priests
  A centaur skeleton (D:6)
  5 orc wizards
  A giant frog skeleton (D:5)
  Jessica (D:2)
  2 iguanas
  A statue (D:7)
  4 worker ants
  2 hound skeletons
  A worker ant zombie (D:6)
  7 gnolls
  3 river rats (D:5)
  5 adders
  A shadow imp (D:7)
  An ooze (D:6)
  2 adder skeletons
  7 worms
  3 dart slugs
  3 giant geckos
  28 orcs
  4 bats
  4 giant cockroaches
  7 goblins
  7 hobgoblins
  13 jackals
  4 kobolds
  4 quokkas
  A giant gecko zombie (D:6)
  3 giant newts
  A quokka skeleton (D:5)
  13 rats
197 creatures vanquished.

Notes
Turn   | Place    | Note
--------------------------------------------------------------
     0 | D:1      | raycruz321 the Minotaur Fighter began the quest for the Orb.
     0 | D:1      | Reached XP level 1. HP: 19/19 MP: 0/0
   253 | D:1      | Reached XP level 2. HP: 27/27 MP: 1/1
   701 | D:2      | Reached XP level 3. HP: 21/33 MP: 2/2
   881 | D:2      | Found a blossoming altar of Fedhas.
   900 | D:2      | Reached skill level 1 in Dodging
   939 | D:2      | Found a glowing golden altar of the Shining One.
   988 | D:2      | Found a faded altar to an unknown god.
  1106 | D:2      | Noticed Jessica
  1119 | D:2      | Killed Jessica
  1119 | D:2      | Reached XP level 4. HP: 27/40 MP: 3/3
  1184 | D:2      | Found an oddly glowing altar of Pakellas.
  1273 | D:2      | Found a stormy altar of Qazlal.
  1685 | D:3      | Reached skill level 3 in Polearms
  1825 | D:3      | Noticed Goldrinn's ghost (amateur DsGl)
  1856 | D:3      | Killed Goldrinn's ghost
  1856 | D:3      | Reached XP level 5. HP: 7/47 MP: 4/4
  2606 | D:4      | Reached skill level 5 in Armour
  2815 | D:4      | Noticed Anonygoose's ghost (amateur SpAs)
  2820 | D:4      | Reached skill level 4 in Polearms
  2820 | D:4      | Reached skill level 5 in Shields
  2862 | D:4      | Killed Anonygoose's ghost
  2862 | D:4      | Reached XP level 6. HP: 18/53 MP: 5/5
  3284 | D:4      | Noticed Eustachio
  3331 | D:4      | Killed Eustachio
  3331 | D:4      | Reached XP level 7. HP: 5/60 MP: 6/6
  3803 | D:4      | Reached skill level 5 in Polearms
  4566 | D:5      | Entered Level 5 of the Dungeon
  4608 | D:5      | Reached skill level 6 in Polearms
  4695 | D:5      | Reached skill level 7 in Polearms
  4883 | D:5      | Reached XP level 8. HP: 66/67 MP: 7/7
  4971 | D:5      | Noticed sikrin's ghost (novice HECj)
  4985 | D:5      | Killed sikrin's ghost
  4985 | D:5      | Reached skill level 8 in Polearms
  5096 | D:5      | Found a staircase to the Ecumenical Temple.
  5127 | D:5      | Reached skill level 9 in Polearms
  5288 | Temple   | Entered the Ecumenical Temple
  5885 | D:6      | Noticed Grinder
  5900 | D:6      | Paralysed by Grinder for 6 turns
  5911 | D:6      | Paralysed by Grinder for 4 turns
  5917 | D:6      | Killed Grinder
  5917 | D:6      | Reached skill level 10 in Polearms
  6438 | D:6      | Found a shimmering altar of Xom.
  6747 | D:6      | Noticed Blork the orc
  6763 | D:6      | Killed Blork the orc
  6763 | D:6      | Reached skill level 11 in Polearms
  6782 | D:6      | Noticed Prince Ribbit
  6794 | D:6      | Reached XP level 9. HP: 50/73 MP: 8/8
  6802 | D:6      | Killed Prince Ribbit
  6871 | D:6      | Reached skill level 12 in Polearms
  7261 | D:7      | Found a radiant altar of Vehumet.
  7640 | D:7      | Found Jazelao's Book Shop.
  7688 | D:7      | Reached skill level 13 in Polearms
  8211 | D:7      | Noticed Menkaure
  8219 | D:7      | Killed Menkaure
  8219 | D:7      | Reached skill level 14 in Polearms
  8353 | D:7      | Reached XP level 10. HP: 80/80 MP: 9/9
  8589 | D:8      | Noticed Maurice
  8714 | D:8      | Found an opulent altar of Gozag.
  8741 | D:8      | HP: 4/80 [poisoned by a killer bee]
  8741 | D:8      | HP: 1/80 [killer bee (3)]
  8742 | D:8      | Succumbed to a killer bee's poison

Skill      XL: |  1  2  3  4  5  6  7  8  9 10 |
---------------+-------------------------------+-----
Armour         | 4 5 6 7 |  7.5
Fighting       | 4 |  4.8
Shields        | 4 5 6 7 |  7.5
Dodging        | 1 2 3 |  3.1
Polearms       | 3 4 7 11 14 | 14.0

Action                   |  1- 3 |  4- 6 |  7- 9 | 10-12 || total
-------------------------+-------+-------+-------+-------++-------
Melee: Trident           |    82 |   214 |   444 |    89 ||   829
       Headbutt          |    12 |    26 |    84 |     9 ||   131
  Use: Potion            |       |     3 |     2 |     1 ||     6
       Scroll            |       |     1 |    18 |     1 ||    20
  Eat: Bread ration      |       |     2 |       |       ||     2
       Chunk             |       |       |     8 |       ||     8
       Meat ration       |       |       |     1 |       ||     1
       Royal jelly       |       |       |     1 |       ||     1
       Fruit             |       |       |       |     2 ||     2
Armor: Scale mail        |    17 |   117 |    65 |       ||   199
       Plate armour      |       |       |    29 |    34 ||    63
Dodge: Dodged            |    13 |   117 |   132 |    51 ||   313
Block: Shield            |    20 |   111 |   202 |    62 ||   395
